 Dungeon Crawl Stone Soup version 0.26-b1-32-g5d43845318 (webtiles) character file.

Game seed: 2379390637689500905

7207 salade2fruit the Fighter (level 11, -11/82 HPs)
             Began as an Octopode Summoner on Jan 6, 2021.
             Was a Plaything of Xom.
             Mangled by a cyan ugly thing (12 damage)
             ... on level 11 of the Dungeon on Jan 7, 2021.
             The game lasted 01:01:06 (15313 turns).

salade2fruit the Fighter (Octopode Summoner)       Turns: 15313, Time: 01:01:07

Health: -11/82     AC:  6    Str: 10    XL:     11   Next: 11%
Magic:  11/20      EV: 18    Int: 20    God:    Xom [....*.]
Gold:   670        SH:  0    Dex: 20    Spells: 4/22 levels left

rFire    + . .     SeeInvis .   a - +4 quarterstaff of Doomed Optimality {freeze, rC+ rN+ Str+3}
rCold    + + .     Faith    .   (shield currently unavailable)
rNeg     + . .     Spirit   .   (helmet restricted)
rPois    .         Reflect  .   j - amulet of the acrobat
rElec    .         Harm     .   c - ring of protection from fire
rCorr    .         Rampage  .   w - +6 ring of dexterity
Will     .....                  K - ring of protection from cold
Stlth    +++++.....             (no ring)
HPRegen  0.23/turn              (no ring)
MPRegen  0.17/turn              (no ring)
                                (no ring)
                                (no ring)

@: hasted, very quick
A: almost no armour, stealthy swim, amphibious, 8 rings, constrict 8, icy blue
scales 1, rugged brown scales 1, yellow scales 1, camouflage 1, blurry vision 1,
gelatinous body 1
a: Renounce Religion


You were on level 11 of the Dungeon.
You worshipped Xom.
You were a beloved toy of Xom.
You visited 2 branches of the dungeon, and saw 12 of its levels.
You also visited: Sewer.

You collected 722 gold pieces.
You spent 52 gold pieces at shops.

Inventory:

Hand Weapons
 a - the +4 quarterstaff of Doomed Optimality (weapon) {freeze, rC+ rN+ Str+3}
   (You found it on level 5 of the Dungeon)

   It has been specially enchanted to freeze those struck by it, causing extra
   injury to most foes and up to half again as much damage against particularly
   susceptible opponents.
   It can also slow down cold-blooded creatures.
   It affects your strength (+3).
   It protects you from cold.
   It protects you from negative energy.
 b - a +2 vorpal hunting sling
Missiles
 k - 251 stones (quivered)
 n - 68 sling bullets
 p - 2 atropa-tipped darts
Armour
 E - a +0 buckler
Jewellery
 c - a ring of protection from fire (left tentacle)
 e - an uncursed ring of fire
 j - an amulet of the acrobat (around mantle)
 w - a +6 ring of dexterity (right tentacle)
 K - a ring of protection from cold (on tentacle)
 P - the ring of Revolt {rF+ Will+ Dex+2, unknown}
   (Xom gifted it to you on level 11 of the Dungeon)

   [ring of willpower]

   It affects your dexterity (+2).
   It protects you from fire.
   It affects your willpower, your defense against some magical effects.
Wands
 x - a wand of random effects (21)
 J - a wand of disintegration (9)
 N - a wand of flame (28)
Scrolls
 d - 2 scrolls of magic mapping
 f - a scroll of fear {unknown}
 h - 3 scrolls of remove curse {unknown}
 i - a scroll of enchant weapon {unknown}
 l - a scroll of amnesia
 m - a scroll of random uselessness {unknown}
 q - 4 scrolls of teleportation
 t - 2 scrolls of enchant armour {unknown}
 y - a scroll of immolation {unknown}
 C - a scroll of noise {unknown}
 D - a scroll of blinking {unknown}
 M - a scroll of torment {unknown}
 O - a scroll of identify
Potions
 g - a potion of berserk rage {unknown}
 o - 4 potions of cancellation
 r - 3 potions of heal wounds
 s - 2 potions of brilliance
 u - a potion of degeneration {unknown}
 v - 2 potions of haste
 z - 3 potions of ambrosia
 A - a potion of magic {unknown}
 B - 4 potions of curing
 F - 2 potions of attraction
 G - a potion of might
 H - 2 potions of flight {unknown}
 L - a potion of lignification {unknown}
Miscellaneous
 I - a condenser vane (inert)


   Skills:
 + Level 9.2 Fighting
 - Level 6.0 Dodging
 - Level 6.1 Stealth
 - Level 4.3 Shields
 + Level 6.0 Spellcasting
 + Level 2.9 Conjurations
 - Level 6.0 Summonings
 + Level 4.4 Fire Magic
 - Level 6.0 Ice Magic


You had 4 spell levels left.
You knew the following spells:

 Your Spells              Type           Power        Failure   Level
a - Call Imp              Summ           30%          1%          2
e - Call Canine Familiar  Summ           30%          2%          3
q - Sticky Flame          Conj/Fire      20%          22%         4
r - Fireball              Conj/Fire      10%          54%         5
z - Summon Ice Beast      Ice/Summ       30%          9%          4

Your spell library contained the following spells:

 Spells                   Type           Power        Failure   Level
 Summon Small Mammal      Summ           100%         1%          1
 Foxfire                  Conj/Fire      80%          2%          1
 Magic Dart               Conj           68%          3%          1
 Searing Ray              Conj           34%          4%          2
 Conjure Flame            Conj/Fire      20%          7%          3
 Summon Guardian Golem    Hex/Summ       18%          9%          3
 Inner Flame              Hex/Fire       14%          13%         3
 Dazzling Flash           Conj/Hex       22%          17%         3
 Summon Lightning Spire   Summ/Air       18%          30%         4
 Fulminant Prism          Conj/Hex       5%           50%         4
 Iskenderun's Mystic Bla  Conj/Tloc      11%          50%         4


Dungeon Overview and Level Annotations

Branches:
Dungeon (11/15)            Temple (1/1) D:7             Orc (0/2) D:9
  Sewer (visited)
   Lair: D:8-11

Altars:
Ashenzari
Cheibriados
Dithmenos
Elyvilon
Fedhas
Gozag
Hepliaklqana
Kikubaaqudgha
Makhleb
Nemelex Xobeh
Okawaru
Qazlal
Ru
Sif Muna
Trog
Uskayaw
Vehumet
Wu Jian
Xom
Yredelemnul
Zin
The Shining One

Shops:
D:5 *   D:8 [

Annotations:
D:7 2 transporters, xxadam's ghost, novice TrBe
D:8 3 runed translucent doors, skk's ghost, novice DDFi
D:10 2 transporters, Goblin1989's ghost, journeyman TrMo; Maurice


Innate Abilities, Weirdness & Mutations

You cannot wear most types of armour.
You are very stealthy in the water. (Stealth+)
You are amphibious.
You can wear up to eight rings at the same time.
You can use your tentacles to constrict eight enemies at once.
Your skin changes colour to match your surroundings (Stealth+).
Your rubbery body absorbs attacks. (AC +1, EV +1)
You are partially covered in icy blue scales. (AC +2)
You are partially covered in rugged brown scales. (AC +1, +3% HP)
You are partially covered in yellow scales. (AC +2)
Scrolls take you a little longer to read.


Message History

Your ice beast closely misses the cyan ugly thing.
Your ice beast hits the cyan ugly thing.
Your ice beast freezes the cyan ugly thing!
The cyan ugly thing completely misses you.
The cyan ugly thing completely misses you.
Your magical contamination has completely faded away.
Your ice beast hits the cyan ugly thing.
Your ice beast freezes the cyan ugly thing!
Your ice beast closely misses the cyan ugly thing.
Your ice beast hits the cyan ugly thing but does no damage.
There is a stone staircase leading up here.
The cyan ugly thing claws you!
* * * LOW HITPOINT WARNING * * *
The cyan ugly thing shocks you!
* * * LOW HITPOINT WARNING * * *
You feel yourself speed up. The cyan ugly thing claws you!
* * * LOW HITPOINT WARNING * * *
The cyan ugly thing shocks you!
You die...
Xom is highly amused!

######## ########## #######
.......# #........# #......
.......# #........# #......
.......# #........# #......
.......# #........# #......
.......# #..).....####......
.......### #.(........##......
.........######(.......#.##......
.......#......(.@uYY...#.Y.Y.....
.......########........####......
.......# #........# #......
.......# #####.#### #######
#####.## * ,..# ###### #..# .###
#..... #####'#### *.#* #.####
#........# ####+##### * *#.#* *
##........# #........> *** ...,,


You could see a cyan ugly thing and 2 friendly ice beasts.

Vanquished Creatures
  Snorg (D:10)
  A two-headed ogre (D:9)
  A troll (D:10)
  A wyvern (D:11)
  A warg (D:11)
  2 sky beasts
  3 orc warriors
  An ice beast (D:7)
  2 ogres
  10 centaurs
  A big kobold (D:11)
  7 bullfrogs
  A gnoll sergeant (D:8)
  2 scorpions
  A water moccasin skeleton (D:8)
  10 killer bees
  4 howler monkeys
  2 jellies
  A bullfrog zombie (D:10)
  2 centaur zombies
  A bullfrog skeleton (D:7)
  An orc priest (D:9)
  A centaur skeleton (D:7)
  5 hounds
  2 orc wizards
  2 iguanas
  4 worker ants
  11 gnolls
  13 adders
  3 white imps
  2 ufetubi
  3 oozes
  An adder skeleton (D:8)
  2 dart slugs
  2 leopard geckos
  17 orcs
  3 giant cockroaches
  6 goblins
  3 hobgoblins
  3 jackals
  4 quokkas
  4 ball pythons
  6 bats
  4 frilled lizards
  A jackal skeleton (D:4)
  25 kobolds
  A leopard gecko skeleton (D:5)
  4 rats
188 creatures vanquished.

Vanquished Creatures (collateral kills)
  A two-headed ogre (D:10)
  3 kobold demonologists (D:8)
  A troll (D:9)
  A warg (D:11)
  A water moccasin (D:7)
  An eye of draining (D:10)
  An orc warrior (D:9)
  2 phantoms (D:7)
  An ogre (D:11)
  2 centaurs (D:8)
  2 necrophages
  6 big kobolds
  2 bullfrogs
  3 scorpions
  A killer bee (D:8)
  A bullfrog zombie (D:3)
  A quasit (D:11)
  6 orc priests
  A centaur skeleton (D:4)
  3 hounds
  8 orc wizards
  3 bullfrog skeletons
  An iguana (D:4)
  A worker ant (D:5)
  A hound skeleton (D:11)
  5 gnolls
  4 adders
  A river rat (Sewer)
  2 shadow imps
  2 white imps
  An ooze (Sewer)
  3 ufetubi
  4 worms
  2 leopard geckos
  20 orcs
  2 ball pythons (D:4)
  2 giant cockroaches
  3 jackals (D:7)
  2 bats
  10 kobolds
  A rat (D:2)
118 creatures vanquished.

Vanquished Creatures (others)
  A big kobold (Sewer)
  An orc (D:8)
  12 bushes (D:8)
  A plant (D:11)
15 creatures vanquished.

Grand Total: 321 creatures vanquished

Notes
Turn   | Place    | Note
-------+----------+-------------------------------------------
     0 | D:1      | salade2fruit the Octopode Summoner began the quest for the
                  | Orb.
     0 | D:1      | Reached XP level 1. HP: 11/11 MP: 3/3
  1095 | D:1      | Reached XP level 2. HP: 12/17 MP: 1/5
  1779 | D:2      | Learned a level 2 spell: Call Imp
  1856 | D:2      | Reached XP level 3. HP: 21/21 MP: 1/6
  2093 | D:2      | Found a snail-covered altar of Cheibriados.
  2196 | D:2      | Reached XP level 4. HP: 26/27 MP: 8/8
  2835 | D:2      | Learned a level 3 spell: Call Canine Familiar
  3167 | D:3      | Reached skill level 1 in Fighting
  3167 | D:3      | Reached XP level 5. HP: 33/33 MP: 3/9
  3458 | D:3      | Reached skill level 5 in Stealth
  3458 | D:3      | Reached skill level 5 in Summonings
  3936 | D:4      | Found a glowing drain.
  3966 | D:4      | Reached skill level 2 in Fighting
  3966 | D:4      | Reached XP level 6. HP: 39/39 MP: 4/10
  3974 | Sewer    | Entered a sewer
  4610 | D:4      | Learned a level 4 spell: Summon Ice Beast
  4631 | D:4      | Reached skill level 3 in Fighting
  4631 | D:4      | Reached XP level 7. HP: 46/46 MP: 4/11
  4815 | D:4      | Found a sacrificial altar of Ru.
  5353 | D:5      | Entered Level 5 of the Dungeon
  5501 | D:5      | Reached skill level 1 in Ice Magic
  5655 | D:5      | Found Wioleubaq's General Store.
  5664 | D:5      | Bought a potion of might for 52 gold pieces
  5841 | D:5      | Got a slimy quarterstaff
  5846 | D:5      | Identified the +4 quarterstaff of Doomed Optimality
                  | {freeze, rC+ rN+ Str+3} (You found it on level 5 of the
                  | Dungeon)
  6231 | D:6      | Reached skill level 4 in Fighting
  6311 | D:6      | Reached XP level 8. HP: 54/54 MP: 12/12
  7240 | D:7      | Noticed xxadam's ghost (novice TrBe)
  7457 | D:7      | Found a glowing golden altar of the Shining One.
  7508 | D:7      | Found a broken altar of Ashenzari.
  7553 | D:7      | Reached skill level 5 in Fighting
  7568 | D:7      | Found a transporter.
  7568 | D:7      | Noticed a moth of wrath
  7619 | D:7      | Found a transporter.
  7997 | D:7      | Reached skill level 5 in Dodging
  8215 | D:7      | Reached XP level 9. HP: 45/62 MP: 13/13
  8536 | D:7      | Found a staircase to the Ecumenical Temple.
  8553 | Temple   | Entered the Ecumenical Temple
  8594 | Temple   | Became a worshipper of Xom of Chaos
  8730 | D:7      | Reached skill level 6 in Fighting
  8967 | D:7      | XOM is BORED!
  8967 | D:7      | XOM: silly message
  8992 | D:7      | XOM: give mutations
  8992 | D:7      | Gained mutation: Your flesh is heat resistant. (rF+) [Xom's
                  | grace]
  8992 | D:7      | Gained mutation: Your flesh is very heat resistant. (rF++)
                  | [Xom's grace]
  9037 | D:7      | Reached skill level 5 in Ice Magic
  9048 | D:7      | XOM: confuse monster(s)
  9515 | D:7      | XOM: god gift: potion of curing
  9567 | D:8      | Noticed skk's ghost (novice DDFi)
  9670 | D:8      | Found a runed translucent gate.
  9670 | D:8      | Found a runed translucent gate.
  9671 | D:8      | Found a runed translucent gate.
  9818 | D:8      | Found a white marble altar of Elyvilon.
  9835 | D:8      | Reached skill level 1 in Shields
  9894 | D:8      | XOM: 1-stop teleportation journey
 10097 | D:8      | XOM: god gift: condenser vane
 10276 | D:8      | XOM: scenery: summon butterflies
 10353 | D:8      | Found Ydghu's Armour Shop.
 10401 | D:8      | Noticed a kobold demonologist
 10401 | D:8      | Noticed a kobold demonologist
 10414 | D:8      | XOM: summons 9 friendly demons
 10419 | D:8      | Noticed a sun demon
 10430 | D:8      | Killed a kobold demonologist
 10431 | D:8      | Reached skill level 7 in Fighting
 10434 | D:8      | Killed a kobold demonologist
 10498 | D:8      | Noticed a kobold demonologist
 10498 | D:8      | XOM: destruction
 10512 | D:8      | Killed a kobold demonologist
 10575 | D:8      | XOM: divination: detect items
 10644 | D:8      | XOM: scenery: create altars
 10646 | D:8      | Reached XP level 10. HP: 46/71 MP: 15/15
 10785 | D:8      | XOM: fake destruction
 10877 | D:8      | XOM: enchant monster (good)
 11107 | D:8      | XOM: 2-stop teleportation journey
 11158 | D:8      | XOM: scenery: summon butterflies
 11517 | D:8      | XOM: cloud trail
 11524 | D:8      | Learned a level 5 spell: Fireball
 11767 | D:9      | XOM: enchant monster (good)
 12003 | D:9      | Found a staircase to the Orcish Mines.
 12045 | D:9      | Noticed a two-headed ogre
 12065 | D:9      | XOM: fog
 12067 | D:9      | XOM: cleaving
 12086 | D:9      | Killed a two-headed ogre
 12087 | D:9      | Reached skill level 8 in Fighting
 12087 | D:9      | Reached skill level 1 in Fire Magic
 12181 | D:9      | XOM: give mutations
 12181 | D:9      | Gained mutation: You expend magic power (3 MP) to
                  | strengthen your wands. [Xom's grace]
 12181 | D:9      | Gained mutation: Your mind is acute. (Int +2) [Xom's grace]
 12181 | D:9      | Gained mutation: You are partially covered in rugged brown
                  | scales. (AC +1, +3% HP) [Xom's grace]
 12181 | D:9      | Gained mutation: Your muscles are strong. (Str +2) [Xom's
                  | grace]
 12324 | D:9      | XOM is BORED!
 12351 | D:9      | XOM: give mutations
 12351 | D:9      | Gained mutation: You are partially covered in yellow
                  | scales. (AC +2) [Xom's grace]
 12351 | D:9      | Gained mutation: You are partially covered in icy blue
                  | scales. (AC +2) [Xom's grace]
 12397 | D:9      | Found a shadowy altar of Dithmenos.
 12418 | D:9      | XOM: 8-stop teleportation journey
 12468 | D:9      | XOM: 1-stop teleportation journey
 12667 | D:9      | Reached skill level 5 in Spellcasting
 12808 | D:9      | Learned a level 4 spell: Sticky Flame
 12808 | D:9      | XOM: god gift: 45 gold pieces
 12919 | D:10     | Entered Level 10 of the Dungeon
 12922 | D:10     | Noticed a two-headed ogre
 12923 | D:10     | Noticed a moth of wrath
 12924 | D:10     | Found a transporter.
 12931 | D:10     | Found a transporter.
 12934 | D:10     | Found a bloodstained altar of Trog.
 12935 | D:10     | Noticed Goblin1989's ghost (journeyman TrMo)
 13153 | D:10     | Noticed Snorg
 13338 | D:10     | XOM: polymorph hound -> ooze
 13361 | D:10     | XOM: polymorph ooze -> hound
 13373 | D:10     | Noticed a two-headed ogre
 13466 | D:10     | Noticed a two-headed ogre
 13486 | D:10     | Noticed a two-headed ogre
 13496 | D:10     | Killed a two-headed ogre
 13497 | D:10     | Reached skill level 1 in Conjurations
 13513 | D:10     | XOM: summons 2 hostile shadow creatures
 13514 | D:10     | Noticed a two-headed ogre
 13622 | D:9      | XOM: give mutations
 13622 | D:9      | Lost mutation: Your mind is acute. (Int +2) [Xom's
                  | mischief]
 13622 | D:9      | Lost mutation: Your flesh is very heat resistant. (rF++)
                  | [Xom's mischief]
 13622 | D:9      | Lost mutation: Your muscles are strong. (Str +2) [Xom's
                  | mischief]
 13622 | D:9      | Gained mutation: Scrolls take you a little longer to read.
                  | [Xom's mischief]
 13889 | D:10     | XOM: chaos cloud
 13898 | D:10     | XOM: stat loss: -1 Int (19/20)
 13931 | D:10     | Killed Snorg
 13932 | D:10     | Reached skill level 9 in Fighting
 14293 | D:10     | Noticed a cyclops
 14393 | D:10     | Reached XP level 11. HP: 81/82 MP: 19/19
 14434 | D:10     | XOM: give mutations
 14434 | D:10     | Lost mutation: You expend magic power (3 MP) to strengthen
                  | your wands. [Xom's mischief]
 14434 | D:10     | Lost mutation: Your flesh is heat resistant. (rF+) [Xom's
                  | mischief]
 14441 | D:10     | Noticed Maurice
 14486 | D:10     | XOM: summons 2 hostile demons
 15271 | D:11     | Noticed a cyan ugly thing
 15276 | D:11     | XOM: god gift: sparkling iron ring {god gift}
 15277 | D:11     | Got a sparkling iron ring {god gift}
 15285 | D:11     | XOM: divination: magic mapping
 15313 | D:11     | HP: 1/82 [cyan ugly thing (10)]
 15313 | D:11     | Mangled by a cyan ugly thing

Illustrated notes

Levels and vault maps discovered:
D:1:      minmay_arrival_solitary_statue, layout_basic
D:2:      layout_loops_ring, cheibriados_altar_1
D:3:      layout_loops_ring
D:4:      layout_cave_pools, nicolae_ru_great_annihilating_truth,
          cheibrodos_sewer_entry_drain
D:5:      layout_loops_ring, serial_shops, shop, serial_park_tiny_1,
          kennysheep_pointless_box, corexii_shack
D:6:      layout_rooms
D:7:      layout_loops_ring, nicolae_tso_swordbearing_angel,
          general_overflow_altar, minmay_temple_entry_crystal_x,
          gammafunk_ghost_berserking_beasts, minmay_between
D:8:      layout_basic, elyvilon_altar_1, gammafunk_ghost_split, serial_shops,
          kennysheep_mini_moat, minmay_hedge_maze, centaur_isle
D:9:      layout_basic, nicolae_dithmenos_shadow_blocks, orc_0_dummy
D:10:     layout_irregular_city, gammafunk_ghost_wrathful_warriors,
          uniq_maurice, uniq_snorg
D:11:     layout_roguey, erik_lair_orcish_takeover
Temple:   lightli_temple_of_artemis

Skill      XL: |  1  2  3  4  5  6  7  8  9 10 11 |
---------------+----------------------------------+-----
Stealth        | 3 4 5 6 |  6.1
Fighting       | 1 2 3 4 5 7 9 |  9.2
Summonings     | 5 6 |  6.0
Dodging        | 3 5 6 |  6.0
Ice Magic      | 2 4 6 |  6.0
Shields        | 3 4 |  4.3
Spellcasting   | 3 5 6 |  6.0
Fire Magic     | 4 |  4.4
Conjurations   | 2 |  2.9

Action                   |  1- 3 |  4- 6 |  7- 9 | 10-12 || total
-------------------------+-------+-------+-------+-------++-------
Melee: Dagger            |    36 |    42 |    10 |       ||    88
       Constrict         |     7 |     5 |    35 |    30 ||    77
       Unarmed           |     1 |       |       |       ||     1
       Tentacles         |     4 |     3 |    33 |    35 ||    75
       Quarterstaff      |       |       |   161 |   170 ||   331
 Fire: Hunting sling     |     9 |    46 |    84 |    15 ||   154
 Cast: Summon Small Mamm |    11 |       |       |       ||    11
       Call Imp          |     4 |    30 |    35 |     7 ||    76
       Call Canine Famil |       |     8 |    44 |    22 ||    74
       Summon Ice Beast  |       |       |     7 |    26 ||    33
Evoke: Condenser vane    |       |       |       |     1 ||     1
       Wand              |       |       |       |     1 ||     1
  Use: Scroll            |       |     4 |     5 |     3 ||    12
       Potion            |       |       |     1 |     4 ||     5
 Stab: Sleeping          |     5 |     9 |    12 |     8 ||    34
       Distracted        |       |       |     3 |     4 ||     7
Armor: Skin              |     2 |     1 |     5 |    33 ||    41
Dodge: Dodged            |    24 |    40 |   196 |   258 ||   518
